 Dungeon Crawl Stone Soup version 0.27-a0-1200-g94dc6ad4cf (webtiles) character file.

Game seed: 6603341913222298007

77 mandarbmax the Magician (level 4, 0/31 HPs)
             Began as a Djinni Venom Mage on May 31, 2021.
             Slain by a water moccasin skeleton (2 damage)
             ... on level 4 of the Dungeon.
             The game lasted 00:04:37 (4590 turns).

mandarbmax the Magician (Djinni Venom Mage)         Turns: 4590, Time: 00:04:37

Health: 0/31       AC:  2    Str:  7    XL:     4   Next: 60%
Gold:   140        EV: 12    Int: 17    God:
                   SH:  0    Dex: 14

rFire    + + .     SeeInvis .   i - +4 dagger
rCold    x . .     Faith    .   (no shield)
rNeg     . . .     Spirit   .   a - +0 robe
rPois    ∞         Reflect  .   (no helmet)
rElec    .         Harm     .   (no cloak)
rCorr    .         Rampage  .   (no gloves)
Will     .....                  (boots unavailable)
Stlth    ++........             (no amulet)
HPRegen  0.10/turn              (no ring)
MPRegen  0.00/turn              (no ring)

@: flying
A: sickness immunity, fire resistance 2, cold vulnerability 1, float, innate
caster, hp casting, extra vitality 1
a: no special abilities


You were on level 4 of the Dungeon.
You visited 1 branch of the dungeon, and saw 4 of its levels.

You collected 140 gold pieces.

Inventory:

Hand Weapons
 g - a +0 spear
 i - a +4 dagger (weapon)
Armour
 a - a +0 robe (worn)
Scrolls
 b - 3 scrolls of magic mapping
 e - a scroll of identify
 f - a scroll of fear {unknown}
 j - a scroll of enchant weapon
 k - 2 scrolls of teleportation
 l - a scroll of brand weapon {unknown}
 m - a scroll of fog {unknown}
Potions
 c - a potion of degeneration
 d - 2 potions of magic {unknown}
 h - a potion of brilliance {unknown}


   Skills:
 - Level 2.1 Dodging
 - Level 1.5 Stealth
 + Level 3.9 Spellcasting


You couldn't memorise any spells.
You knew the following spells:

 Your Spells              Type           Power      Damage    Failure   Level
a - Sting                 Tmut/Pois      64%        1d6       3%          1
b - Poisonous Vapours     Pois/Air       32%        N/A       4%          2
c - Mephitic Cloud        Conj/Pois/Air  16%        N/A       10%         3
d - Ignite Poison         Fire/Tmut/Pois 16%        N/A       10%         3
e - Olgreb's Toxic Radia  Pois           16%        N/A       30%         4
f - Pain                  Necr           64%        1d7       3%          1
Your spell library was empty.

Dungeon Overview and Level Annotations

Branches:
Dungeon (4/15)
 Temple: D:4-7

Altars:
Kikubaaqudgha

Annotations:
D:4 Dowan, Duvessa


Innate Abilities, Weirdness & Mutations

You are immune to sickness and miasma.
You are immune to poison.
Your flesh is very heat resistant. (rF++)
You are vulnerable to cold. (rC-)
You float through the air rather than walking.
You learn spells naturally, not from books.
Your magical power is your life essence.
You have superior vitality. (+4 HP)


Message History

The stinking cloud engulfs you but does no damage.
You hear a shout! x2; You hear a loud, deep croak!
The phantom hits you but does no damage.
The phantom hits you!
Dowan, Brother of Duvessa comes into view.
He is wielding a +0 dagger.
Duvessa, Sister of Dowan comes into view.
She is wielding a +0 rapier.
Casting: Mephitic Cloud (quite dangerous; 10% risk of failure)
Confirm with . or Enter, or press ? or * to list all spells.
The spell is quite dangerous to cast (10% risk of failure)!
Continue anyway?
Okay, then.
As you read the scroll labelled BISUVE JISI, it crumbles to dust.
You feel aware of your surroundings.
You sensed 1 shop/portal.
It was a scroll of magic mapping.
A bullfrog comes into view.
As you read the scroll labelled VEFOXTEFIM, it crumbles to dust.
It is a scroll of identify.
c - a potion of degeneration The phantom hits you!
* * * LOW HITPOINT WARNING * * *
A ball python comes into view.
A hobgoblin comes into view.
The hobgoblin shouts!
Found an escape hatch in the floor.
Okay, then.
As you read the scroll labelled HIWKOU HOISEM, it crumbles to dust.
It is a scroll of enchant weapon.
Your +3 dagger glows red for a moment.
The phantom barely misses you.
As you read the scroll labelled UDGHEB UDUUN, it crumbles to dust.
You feel strangely unstable.
It was a scroll of teleportation.
The phantom hits you.
* * * LOW HITPOINT WARNING * * *
The phantom blinks!
You blink.
The hobgoblin misses you. The hobgoblin closely misses you.
The phantom hits you.
* * * LOW HITPOINT WARNING * * *
The phantom blinks!
You blink.
Unknown command.
There is a stone staircase leading up here.
Your surroundings suddenly seem different.
The water moccasin skeleton bites you.
You die...

,*,,***,**,,,,,,,,,,,,,,,,,,..,..
**,,,****#..,,.....,,,,,,,,,,,,,#
,*,,,** #...,.....****,,,,,,,**#
*,,,,,***##..##..O## **,,,,,***#
*,,,∩,,,,,.........# **,,,,,*,**
,,***,,**,*#.......# *,,,,,,,,,*
,,,,,,,*****,......# **,,,***,*,,
,,,,,,,**,,,,##....#**,,*****,*,,
,,,,,,,,,,,,,#..@Z.#,,,,,***,,,,*
,,,,***,,,#.....#....#*,,,**,,,**
,,,,,,*,,*##....*#.#.#***,**,,**
,,,,,,,*** ##..#**.#*#**,,,,,,***
,,,,,*,* **#..,**,#*,*,,,*,,,,*,
,,,,,*** **,#..,**,,,,,,***,,,,*,
,,,,** *,,..,,,,,,**,,*,,,,,,,,
,*,** *,...,,,,,,,**,,,,,,*,,,
,*** *,,,,,,,,,,,,,,,*,****,,


You could see an ogre (asleep) and a water moccasin skeleton.

Vanquished Creatures
  A worm (D:2)
  2 dart slugs (D:1)
  7 ball pythons
  2 endoplasms
  5 goblins
  13 hobgoblins
  4 jackals (D:1)
  8 kobolds
  4 quokkas
  6 bats
  4 frilled lizards
  8 rats
64 creatures vanquished.

Vanquished Creatures (others)
  4 fungi (D:2)
  10 plants
14 creatures vanquished.

Grand Total: 78 creatures vanquished

Notes
Turn   | Place    | Note
-------+----------+-------------------------------------------
     0 | D:1      | mandarbmax the Djinni Venom Mage began the quest for the
                  | Orb.
     0 | D:1      | Reached XP level 1. HP: 15/15 MP: 0/0
   108 | D:1      | Reached XP level 2. HP: 4/21 MP: 0/0
   511 | D:1      | Reached skill level 3 in Spellcasting
   651 | D:1      | Reached XP level 3. HP: 12/25 MP: 0/0
   651 | D:1      | Learned a level 1 spell: Pain
  2406 | D:2      | You are sucked into a shaft and drop 1 floor!
  2583 | D:3      | Reached XP level 4. HP: 23/31 MP: 0/0
  3570 | D:2      | Found a faded altar of an unknown god.
  4569 | D:4      | Noticed a phantom
  4578 | D:4      | Noticed Dowan
  4578 | D:4      | Noticed Duvessa
  4579 | D:4      | Noticed a bullfrog
  4590 | D:4      | Slain by a water moccasin skeleton

Illustrated notes

Levels and vault maps discovered:
D:1:      dpeg_arrival_renting, layout_basic, serial_forest,
          infiniplex_forest_lined_ring, infiniplex_forest_side_room,
          infiniplex_forest_lined_1, infiniplex_forest_clump_C,
          infiniplex_forest_clump_large, infiniplex_forest_lined_room_2,
          infiniplex_forest_end_1
D:2:      layout_basic, shapermc_ecumenical_altar_mp_urbaneastern
D:3:      layout_basic, amcnicky_altar_gilded
D:4:      layout_cave_pools, serial_shops, shop, uniq_duvessa

Skill      XL: |  1  2 |
---------------+-------+-----
Spellcasting   | 3 |  3.9
Dodging        | |  2.1
Stealth        | |  1.5

Action                   |  1- 3 |  4- 6 || total
-------------------------+-------+-------++-------
Melee: Spear             |     1 |       ||     1
 Cast: Sting             |    34 |       ||    34
       Poisonous Vapours |    28 |    38 ||    66
       Mephitic Cloud    |     1 |     4 ||     5
       Ignite Poison     |     1 |     1 ||     2
  Use: Scroll            |       |     4 ||     4
Armor: Robe              |       |     2 ||     2
Dodge: Dodged            |     7 |     4 ||    11

Table legend: (Time is in decaauts)
 A = Elapsed time spent in this place.
 B = Non-inter-level travel time spent in this place.
 C = Inter-level travel time spent in this place.
 D = Time resting spent in this place.
 E = Time spent auto-exploring this place.
 F = Levels seen in this place.
 G = Mean time per level.
                   A        B        C        D        E       F      G
               +--------+--------+--------+--------+--------+-----+--------+
         Total |   4589 |   4498 |     91 |    768 |   3483 |   4 | 1147.2 |
       Dungeon |   4589 |   4498 |     91 |    768 |   3483 |   4 | 1147.2 |
               +--------+--------+--------+--------+--------+-----+--------+

Top non-repeatable levels by time:
     D:1: 2160 daAuts
     D:2: 1233 daAuts
     D:3: 1174 daAuts
     D:4: 20 daAuts
